 Dungeon Crawl Stone Soup version 0.19-a0-32-gbfd796a (webtiles) character file.

41 HaroldButt the Insei (level 3, -8/28 HPs)
             Began as a Draconian Transmuter on May 2, 2016.
             Mangled by a gnoll (9 damage)
             ... on level 1 of the Dungeon.
             The game lasted 00:02:36 (1001 turns).

HaroldButt the Insei (Draconian Transmuter)         Turns: 1001, Time: 00:02:36

Health: -8/28      AC:  5    Str: 12    XL:     3   Next: 32%
Magic:  5/6        EV: 12    Int: 13    God:
Gold:   63         SH:  0    Dex: 12    Spells: 1 memorised, 5 levels left

rFire  . . .     SeeInvis .       - Unarmed
rCold  . . .     Gourm    .     (armour unavailable)
rNeg   . . .     Faith    .     (no shield)
rPois  .         Spirit   .     (helmet restricted)
rElec  .         Dismiss  .     (no cloak)
rCorr  .         Reflect  .     (no gloves)
SustAt .         Harm     .     (boots currently unavailable)
MR     .....                    k - amulet of inaccuracy (curse)
Stlth  ++........               (no ring)
                                i - ring of stealth

@: appendage, not resistant to hostile enchantments, unstealthy
A: unfitting armour, talons 3, cold-blooded, AC +5
a: End Transformation


You were on level 1 of the Dungeon.
You were not hungry.
You had grown temporary talons.
You visited 1 branch of the dungeon, and saw 2 of its levels.

You collected 63 gold pieces.

Inventory:

Missiles
 a - 12 arrows
Jewellery
 i - a ring of stealth (left hand)
 k - a cursed amulet of inaccuracy (around neck)
Potions
 d - a potion of haste
 g - a potion of berserk rage {unknown}
Books
 b - a book of Changes

   Spells                             Type                      Level
   a - Beastly Appendage              Transmutation                1
   b - Sticks to Snakes               Transmutation                2
   c - Spider Form                    Transmutation/Poison         3
   d - Ice Form                       Ice/Transmutation            4
   e - Blade Hands                    Transmutation                5
Comestibles
 c - a bread ration
 h - a slice of pizza


   Skills:
 - Level 1.1 Fighting
 - Level 1.7 Dodging
 + Level 4.4 Unarmed Combat
 - Level 2.0 Spellcasting
 - Level 2.0 Transmutations


You had 5 spell levels left.
You knew the following spells:

 Your Spells              Type           Power        Failure   Level  Hunger
a - Beastly Appendage     Trmt           #.....       12%         1    ##.....


Dungeon Overview and Level Annotations

Branches:
Dungeon (2/15)

Altars:


Innate Abilities, Weirdness & Mutations

Your plain brown scales are hard (AC +5).
Your body does not fit into most forms of armour.
You are cold-blooded and may be slowed by cold attacks.
You have claws for feet.


Message History

The gnoll misses you.
Your magical contamination has completely faded away.
You see here 10 stones.
A kobold comes into view. It is wielding a short sword.
The kobold shouts!
The kobold throws a stone.
The stone hits you but does no damage.
You see here a stone.
The kobold throws a stone.
The stone hits you.
* * * LOW HITPOINT WARNING * * *
You see here a stone.
The kobold throws a stone.
The stone hits you but does no damage.
Casting: Beastly Appendage
Confirm with . or Enter, or press ? or * to list all spells.
Your feet morph into talons.
The gnoll hits you.
* * * LOW HITPOINT WARNING * * *
You completely miss the gnoll. Your kick misses the gnoll.
You tail-slap the gnoll, but do no damage.
The gnoll is severely wounded.
The gnoll hits you!
You die...

#####......##.## #....
#.##.#.##.####.###
#.##...........#
#.####.##.###### #.#
#.##.# #.####.##.#
########......##.#
#.....##########.#
#.###...@g.# #.# #.#
#..###.# #.# ####
#.###..###.#####.## #...
#.....K...(.[.....####.##
##.........(.#...........
##.#.######.##...####...
#.#.# #.###.## ####
#.#.#### #.# #.#
#......###.# #.#


You could see a gnoll.

Vanquished Creatures
  2 gnolls (D:1)
  An ooze (D:1)
  A dart slug (D:1)
  2 bats (D:1)
  A giant cockroach (D:1)
  2 goblins (D:1)
  2 hobgoblins (D:1)
  A giant newt (D:1)
  4 kobolds
  A rat (D:1)
17 creatures vanquished.

Notes
Turn   | Place    | Note
--------------------------------------------------------------
     0 | D:1      | HaroldButt the Draconian Transmuter began the quest for the Orb.
     0 | D:1      | Reached XP level 1. HP: 16/16 MP: 3/3
   189 | D:1      | Reached XP level 2. HP: 23/23 MP: 5/5
   819 | D:1      | Reached skill level 4 in Unarmed Combat
   969 | D:1      | Reached XP level 3. HP: 10/28 MP: 3/6
  1000 | D:1      | HP: 1/28 [gnoll (3)]
  1001 | D:1      | Mangled by a gnoll

Vault maps used:
D:1:      minmay_arrival_stone_box
D:2:      wad_woods_tower, uniq_robin

Skill      XL: |  1  2 |
---------------+-------+-----
Unarmed Combat | 4 |  4.4
Fighting       | |  1.1
Dodging        | |  1.7
Spellcasting   | |  2.0
Transmutations | |  2.0

Action                   || total
-------------------------++-------
Melee: Unarmed           ||    84
       Tailslap          ||     8
       Headbutt          ||     4
 Cast: Beastly Appendage ||     5
  Use: Scroll            ||     4
 Stab: Sleeping          ||     3
Armor: Skin              ||    16
Dodge: Dodged            ||    46
